 Dungeon Crawl Stone Soup version 0.23.2-33-g5129a83184 (webtiles) character file.

Game seed: 5862416224351933498

164460 troglodite the Blocker (level 17, -4/139 HPs)
             Began as a Gnoll Fighter on July 1, 2019.
             Was the Champion of Ashenzari.
             Killed from afar by Ilsuiw (48 damage)
             ... with a shard of ice
             ... on level 3 of the Shoals on July 2, 2019.
             The game lasted 02:34:14 (35656 turns).

troglodite the Blocker (Gnoll Fighter)             Turns: 35656, Time: 02:34:17

Health: -4/139     AC: 26    Str: 24    XL:     17   Next: 85%
Magic:  21/28      EV: 21    Int: 11    God:    Ashenzari [******]
Gold:   1163       SH: 15    Dex: 19    Spells: 13/38 levels left

rFire    + + .     SeeInvis +   C - +2 trident of Ollo {distort, rPois Str+4 Int+4} (curse)
rCold    . . .     Gourm    .   c - +0 shield (curse)
rNeg     + . .     Faith    .   j - +0 fire dragon scales (curse)
rPois    +         Spirit   .   o - +0 helmet (curse)
rElec    +         Reflect  .   a - +2 cloak (curse)
rCorr    .         Harm     .   (no gloves)
MR       ++...     Clarity  +   e - +2 pair of boots (curse)
Stlth    ++++......             g - amulet of regeneration (curse)
HPRegen  0.73/turn              V - ring "Hofamar" {rC+ MR+ Dex-2 SInv Stlth+} (curse)
MPRegen  0.21/turn              P - ring of Wexealac {rElec rN+ Int-5 Dex+2 SInv} (curse)

@: no status effects
A: distributed training, fangs 1, rugged brown scales 1, thin metallic scales 1,
low mp 1, shaggy fur 1, strong nose
a: Curse Item, Scrying, Renounce Religion


You were on level 3 of the Shoals.
You worshipped Ashenzari.
Ashenzari was exalted by your worship.
You were not hungry.

You visited 4 branches of the dungeon, and saw 27 of its levels.
You visited the Abyss 1 time.
You also visited: Bailey, Gauntlet and Volcano.

You collected 2646 gold pieces.
You spent 1483 gold pieces at shops.

Inventory:

Hand Weapons
 C - the cursed +2 trident of Ollo (weapon) {distort, rPois Str+4 Int+4}
   (You found it on level 7 of the Dungeon)

   It warps and distorts space around it.
   Unwielding it can cause banishment or high damage.
   It affects your strength (+4).
   It affects your intelligence (+4).
   It protects you from poison.
   It has a curse placed upon it.
 E - a +9 spear of protection
 S - a +0 scimitar of flaming
Armour
 a - a cursed +2 cloak (worn)
 c - a cursed +0 shield (worn)
 e - a cursed +2 pair of boots (worn)
 j - cursed +0 fire dragon scales (worn)
 o - a cursed +0 helmet (worn)
 M - a +1 pair of boots of stealth
Jewellery
 g - a cursed amulet of regeneration (around neck)
 z - an uncursed ring of positive energy
 H - an uncursed ring of wizardry
 P - the cursed ring of Wexealac (right hand) {rElec rN+ Int-5 Dex+2 SInv}
   (You bought it in a shop on level 2 of the Orcish Mines)

   [ring of intelligence]

   It affects your intelligence (-5).
   It affects your dexterity (+2).
   It insulates you from electricity.
   It protects you from negative energy.
   It lets you see invisible.
   It has a curse placed upon it.
 V - the cursed ring "Hofamar" (left hand) {rC+ MR+ Dex-2 SInv Stlth+}
   (You found it in a Gauntlet)

   [ring of protection from magic]

   It affects your dexterity (-2).
   It protects you from cold.
   It affects your resistance to hostile enchantments.
   It lets you see invisible.
   It makes you more stealthy.
   It has a curse placed upon it.
Wands
 n - a wand of random effects (23)
 v - a wand of acid (25)
 w - a wand of clouds (4)
 I - a wand of disintegration (20)
 K - a wand of flame (58)
 T - a wand of iceblast (23)
 U - a wand of polymorph (14)
Scrolls
 i - 3 scrolls of fear
 r - 3 scrolls of teleportation
 s - 7 scrolls of amnesia
 u - 5 scrolls of identify
 x - 4 scrolls of fog
 y - 2 scrolls of magic mapping
 B - 2 scrolls of holy word
 D - 3 scrolls of remove curse
 Q - 2 scrolls of summoning
 W - a scroll of blinking
Potions
 b - 10 potions of curing
 d - 5 potions of might
 k - 3 potions of haste
 l - 5 potions of brilliance
 m - 5 potions of mutation
 p - a potion of ambrosia
 t - 2 potions of resistance
 A - 3 potions of berserk rage
 G - 3 potions of lignification
 J - 2 potions of heal wounds
 N - 3 potions of agility
 O - 2 potions of invisibility
 R - 2 potions of magic
Miscellaneous
 F - a phial of floods (inert)
Comestibles
 f - 30 rations


   Skills:
 + Level 12.6 Fighting
 + Level 11.1 Short Blades
 + Level 11.1 Long Blades
 + Level 11.1 Axes
 + Level 11.1 Maces & Flails
 + Level 11.9(16.1) Polearms
 + Level 11.1 Staves
 + Level 11.1 Slings
 + Level 11.1 Bows
 + Level 11.1 Crossbows
 + Level 11.1 Throwing
 + Level 12.6(15.3) Armour
 + Level 11.1(13.8) Dodging
 + Level 11.1 Stealth
 + Level 12.6(15.3) Shields
 + Level 11.1 Unarmed Combat
 + Level 11.1 Spellcasting
 + Level 9.5(13.8) Conjurations
 + Level 9.5(13.8) Hexes
 + Level 9.5(13.8) Charms
 + Level 9.5(13.8) Summonings
 + Level 9.5(13.8) Necromancy
 + Level 9.5(13.8) Translocations
 + Level 9.5(13.8) Transmutations
 + Level 9.5(13.8) Fire Magic
 + Level 9.5(13.8) Ice Magic
 + Level 9.5(13.8) Air Magic
 + Level 9.5(13.8) Earth Magic
 + Level 9.5(13.8) Poison Magic
 + Level 12.0 Invocations
 + Level 11.1(15.3) Evocations


You had 13 spell levels left.
You knew the following spells:

 Your Spells              Type           Power        Failure   Level  Hunger
a - Searing Ray           Conj           #####.       1%          2    None
b - Vampiric Draining     Necr           #####.....   1%          3    ##.....
c - Summon Demon          Summ           #####.....   2%          5    #####..
d - Regeneration          Chrm/Necr      #####.....   1%          3    ##.....
e - Blink                 Tloc           N/A          1%          2    None
f - Passage of Golubria   Tloc           N/A          1%          4    ####...
g - Borgnjor's Vile Clut  Necr/Erth      #####.....   2%          5    #####..
h - Magic Dart            Conj           ####         1%          1    None

Your spell library contained the following spells:

 Spells                   Type           Power        Failure   Level  Hunger
 Animate Skeleton         Necr           N/A          1%          1    None
 Corona                   Hex            #####..      1%          1    None
 Flame Tongue             Conj/Fire      #####        1%          1    None
 Pain                     Necr           ####         1%          1    None
 Sting                    Conj/Pois      ####         1%          1    None
 Ensorcelled Hibernation  Hex/Ice        #####.       1%          2    None
 Poisonous Vapours        Pois/Air       #####.       1%          2    None
 Shroud of Golubria       Chrm/Tloc      #####.....   1%          2    None
 Throw Flame              Conj/Fire      #####.       1%          2    None
 Confuse                  Hex            #####...     1%          3    ##.....
 Conjure Flame            Conj/Fire      #####...     1%          3    ##.....
 Dazzling Spray           Conj/Hex       #####.       1%          3    ##.....
 Gell's Gravitas          Tloc           #####.....   1%          3    ##.....
 Inner Flame              Hex/Fire       #####...     1%          3    ##.....
 Lesser Beckoning         Tloc           #####.....   1%          3    ##.....
 Mephitic Cloud           Conj/Pois/Air  #####...     1%          3    ##.....
 Recall                   Summ/Tloc      N/A          1%          3    ##.....
 Teleport Other           Tloc           #####...     1%          3    ##.....
 Tukima's Dance           Hex            #####...     1%          3    ##.....
 Animate Dead             Necr           N/A          1%          4    ####...
 Cause Fear               Hex            #####.....   1%          4    ####...
 Force Lance              Conj/Tloc      #####...     1%          4    ####...
 Fulminant Prism          Conj/Hex       #####.....   1%          4    ####...
 Iskenderun's Mystic Bla  Conj           #####...     1%          4    ####...
 Olgreb's Toxic Radiance  Pois           #####...     1%          4    ####...
 Sticky Flame             Conj/Fire      #####...     1%          4    ####...
 Summon Lightning Spire   Summ/Air       #####...     1%          4    ####...
 Aura of Abjuration       Summ           #####.....   2%          5    #####..
 Bolt of Magma            Conj/Fire/Erth #####.....   2%          5    #####..
 Fireball                 Conj/Fire      #####.....   2%          5    #####..
 Iskenderun's Battlesphe  Conj/Chrm      #####...     2%          5    #####..
 Silence                  Hex/Air        #####.....   2%          5    #####..
 Summon Forest            Summ/Tloc      #####.....   2%          5    #####..
 Summon Mana Viper        Hex/Summ       #####...     2%          5    #####..
 Venom Bolt               Conj/Pois      #####.....   2%          5    #####..
 Yara's Violent Unravell  Hex/Tmut       #####.....   2%          5    #####..
 Conjure Ball Lightning   Conj/Air       #####.....   13%         6    #######
 Death Channel            Necr           #####.....   13%         6    #######
 Deflect Missiles         Chrm/Air       #####.....   13%         6    #######
 Iron Shot                Conj/Erth      #####.....   13%         6    #######
 Shadow Creatures         Summ           N/A          13%         6    #######
 Simulacrum               Ice/Necr       #####.....   13%         6    #######
 Orb of Destruction       Conj           #####.....   56%         7    #######
 Spellforged Servitor     Conj/Summ      #####.....   56%         7    #######
 Discord                  Hex            #####.....   99%         8    #######
 Tornado                  Air            #####.....   100%        9    #######


Dungeon Overview and Level Annotations

Branches:
Dungeon (15/15)            Temple (0/1) D:6            Lair (6/6) D:11
 Shoals (4/4) Lair:3       Spider (0/4) Lair:3        Slime (0/5) Lair:5
    Orc (2/2) D:10            Elf (0/3) Orc:2        Vaults (0/5) D:14
 Depths (0/5) D:15

Altars:
Ashenzari
Cheibriados
Fedhas
Gozag
Hepliaklqana
Kikubaaqudgha
Makhleb
Okawaru
Qazlal
Sif Muna
Trog
Uskayaw
Wu Jian
Zin
The Shining One
Jiyva

Shops:
D:7 ?   D:12 }   Orc:2 =[(*   Shoals:1 [

Portals:
Ice
Cave: Shoals:3

Annotations:
D:5 Prince Ribbit
D:12 Urug
Shoals:3 Ilsuiw
Shoals:4 Louise
Abyss:1 Fannar, Nergalle


Innate Abilities, Weirdness & Mutations

Your experience applies equally to all skills.
You have very sharp teeth.
Your uncanny sense of smell can sniff out nearby items.
You are partially covered in rugged brown scales. (AC +1, +3% HP)
You are partially covered in thin metallic scales. (AC +2)
Your magical capacity is low. (-10% MP)
You are covered in fur. (AC +1)


Message History

A scroll of silence.
The floor.
As you read the scroll of teleportation, it crumbles to dust.
You feel strangely unstable.
The merfolk avatar chants a haunting song.
You are unaffected.
The merfolk hits you from afar with a +0 glaive.
* * * LOW HITPOINT WARNING * * *
You block the merfolk's attack.
Found a scroll of torment.
The wind drake exhales a fierce blast of wind!
The merfolk aquamancer and the water elemental are blown away by the wind.
Your surroundings suddenly seem different.
Casting: Magic Dart (safe; 1% risk of failure)
Confirm with . or Enter, or press ? or * to list all spells.
You open a gate to Pandemonium!
A demon appears!
Ilsuiw shouts!
Ilsuiw gestures at you while chanting. The shard of ice hits you!!!
You die...

≈≈≈,,≈≈..≈..###.≈≈≈≈≈...,≈≈≈≈≈≈≈≈
≈≈≈≈,≈,........()≈≈≈...≈≈≈≈≈≈≈≈≈≈
,≈≈,≈≈,....{)m)))≈≈.....≈≈≈≈≈≈≈≈≈
,,,,≈≈≈........†(.......≈≈≈≈≈≈≈≈≈
,,,,,≈,........().|≈$...≈≈≈≈≈≈≈≈≈
,,***,,........(........≈≈≈≈≈≈≈≈≈
,,*****###≈≈..m###......≈≈≈≈≈≈≈≈≈
?***8*≈*8###.(3###.....≈≈≈≈≈≈≈≈≈≈
#*≈≈≈≈≈{≈≈≈##...@...>..≈≈≈≈≈≈≈≈≈≈
*≈≈≈≈≈≈≈≈≈≈≈##..............,,≈≈≈
8≈≈*******≈≈≈#.......#..≈.#**,,≈≈
*≈≈*∆≈≈≈∆*≈≈*#........≈..#* ***,≈
8≈≈*≈≈≈{≈*≈≈≈#.m......≈..# *,≈
*≈≈*{≈≈≈≈*{{##....^.$....#* **,
8≈≈≈≈{{≈≈*≈≈+............}#* **,
*≈≈*{≈≈≈≈*≈≈##..<.....###..#***,≈
≈≈≈*≈{≈{≈*≈≈≈#.{m...≈## *#..,,,,,


You could see Ilsuiw and a friendly soul eater.

Vanquished Creatures
  Nikola (Shoals:1)
  Jorgrun (D:12)
  An orc warlord (Orc:1)
  Nessos (Lair:5)
  A dire elephant (Lair:6)
  A minotaur (Gauntlet)
  A fire dragon (D:13)
  A catoblepas (Shoals:2)
  3 vault guards (D:14)
  Harold (D:10)
  A merfolk avatar (Shoals:2)
  6 hydras
  5 death yaks
  A centaur warrior (D:13)
  2 two-headed ogres
  A death knight (D:12)
  A satyr (Shoals:1)
  A vampire mage (D:15)
  3 orc high priests
  3 skeletal warriors
  A salamander mystic (Volcano)
  3 sea snakes
  5 unseen horrors
  A wizard (D:13)
  2 lindwurms (Lair:6)
  Pikel (D:5)
  A harpy (Shoals:2)
  2 deep elf magi
  4 orc knights
  A necromancer (D:15)
  3 ugly things
  3 cyclopes (D:15)
  3 oklob plants (Lair:6)
  3 orc sorcerers
  12 manticores
  6 fauns
  4 salamanders (Volcano)
  A fire giant skeleton (D:15)
  2 water nymphs (Shoals:2)
  6 merfolk sirens
  7 elephants
  A black mamba (Lair:6)
  3 centaur skeletons (D:15)
  2 gargoyles
  7 spiny frogs
  2 rime drakes (Lair:6)
  3 kobold demonologists
  5 komodo dragons
  An efreet (D:14)
  7 trolls
  A polar bear (Lair:5)
  A freezing wraith (D:12)
  7 merfolk
  4 wind drakes
  A queen bee (D:9)
  A wolf spider simulacrum (D:15)
  A hornet (D:9)
  2 slime creatures (D:15)
  3 meliai (D:15)
  A meliai zombie (D:12)
  13 blink frogs
  12 hippogriffs
  2 dream sheep (Lair:6)
  An ettin zombie (D:15)
  2 shadows (D:13)
  8 flying skulls (Gauntlet)
  17 yaks
  A water elemental (Shoals:1)
  3 wyverns
  A wraith (D:12)
  5 vampire mosquitoes
  4 basilisks
  A hog (shapeshifter) (D:11)
  A hungry ghost (D:11)
  4 wargs
  2 acid dragons (D:13)
  12 water moccasins
  12 porcupines
  2 ice beasts
  3 slaves (D:5)
  4 black bears
  2 phantoms
  39 orc warriors
  A necrophage (D:12)
  A hornet zombie (D:7)
  3 sky beasts
  11 ogres
  11 centaurs
  11 wolves
  12 crocodiles
  6 big kobolds
  8 bullfrogs
  5 scorpions
  34 killer bees
  12 wights
  2 electric eels (Lair:2)
  4 howler monkeys (D:8)
  7 crimson imps
  2 centaur zombies
  6 hounds
  A quasit (D:11)
  4 bullfrog skeletons
  2 bullfrog zombies
  12 orc priests
  2 jellies
  17 orc wizards
  An iron imp (D:8)
  4 iguanas
  Natasha (thrice) (D:2)
  10 worker ants
  A howler monkey zombie (D:10)
  2 worker ant zombies (D:6)
  Robin (D:2)
  14 adders
  5 shadow imps
  An ooze (D:7)
  2 adder zombies
  4 worms
  A worm (shapeshifter) (D:15)
  3 dart slugs
  11 leopard geckos
  100 orcs
  4 ball pythons
  8 giant cockroaches
  20 goblins
  8 hobgoblins
  13 jackals
  6 quokkas
  6 bats
  5 frilled lizards
  A jackal skeleton (D:4)
  21 kobolds
  A leopard gecko skeleton (D:7)
  5 rats
  A fungus (Orc:2)
  A tentacle (Shoals:1)
748 creatures vanquished.

Vanquished Creatures (collateral kills)
  2 merfolk impalers (Shoals:3)
  2 sea snakes (Shoals:3)
  4 merfolk (Shoals:3)
8 creatures vanquished.

Vanquished Creatures (others)
  A kraken (Shoals:1)
  An orc warlord (Orc:1)
  The ghost of OwlQaeda the Basher, a journeyman DsAK of Lugonu (Lair:6)
  A red draconian (Volcano)
  A dire elephant (Lair:6)
  A merfolk impaler (Shoals:1)
  4 vault guards (D:14)
  4 hydras
  A merfolk avatar (Shoals:2)
  2 catoblepae
  A two-headed ogre (D:9)
  8 death yaks
  An orc high priest (Orc:1)
  3 skeletal warriors
  A sea snake (Shoals:2)
  3 harpies (Shoals:2)
  3 orc knights
  A deep elf mage (D:11)
  A faun (Shoals:1)
  4 ugly things
  A salamander (Volcano)
  3 manticores
  A centaur zombie (D:14)
  A fire giant skeleton (D:15)
  A black mamba (Lair:5)
  5 spiny frogs
  3 elephants
  A torpor snail (Gauntlet)
  A rime drake (Lair:5)
  A komodo dragon (Lair:5)
  A wind drake (Shoals:2)
  A troll (D:11)
  3 merfolk (Shoals:1)
  A slime creature (D:15)
  A hornet (D:9)
  A snapping turtle (Shoals:2)
  A hippogriff (Lair:2)
  An ettin zombie (D:15)
  2 flying skulls (Gauntlet)
  5 yaks
  A water elemental (Shoals:2)
  A warg (Orc:1)
  5 porcupines
  2 orc warriors
  2 water moccasins
  A slave (D:5)
  2 sky beasts
  A phantom (D:11)
  An eye of draining (D:13)
  A wolf (Lair:2)
  A centaur (D:13)
  A crocodile (Lair:4)
  2 big kobolds
  2 bullfrogs
  2 scorpions
  2 killer bees
  A wight (D:12)
  A jelly (D:8)
  A bullfrog skeleton (D:8)
  2 orc wizards
  A hound skeleton (D:11)
  2 orcs
  30 fungi
  19 plants
  7 tentacles (Shoals:1)
  A withered plant (D:15)
170 creatures vanquished.

Grand Total: 926 creatures vanquished

Notes
Turn   | Place    | Note
-------+----------+-------------------------------------------
     0 | D:1      | troglodite the Gnoll Fighter began the quest for the Orb.
     0 | D:1      | Reached XP level 1. HP: 23/23 MP: 1/1
    71 | D:1      | Reached XP level 2. HP: 29/29 MP: 2/2
   636 | D:1      | Reached XP level 3. HP: 35/35 MP: 3/3
   859 | D:2      | Noticed Natasha
   871 | D:2      | Killed Natasha
   871 | D:2      | Reached skill level 1 in Short Blades
   871 | D:2      | Reached skill level 1 in Long Blades
   871 | D:2      | Reached skill level 1 in Axes
   871 | D:2      | Reached skill level 1 in Maces & Flails
   871 | D:2      | Reached skill level 1 in Staves
   871 | D:2      | Reached skill level 1 in Slings
   871 | D:2      | Reached skill level 1 in Bows
   871 | D:2      | Reached skill level 1 in Crossbows
   871 | D:2      | Reached skill level 1 in Throwing
   871 | D:2      | Reached skill level 1 in Dodging
   871 | D:2      | Reached skill level 1 in Stealth
   871 | D:2      | Reached skill level 1 in Unarmed Combat
   871 | D:2      | Reached skill level 1 in Spellcasting
   871 | D:2      | Reached skill level 1 in Invocations
   871 | D:2      | Reached skill level 1 in Evocations
  1086 | D:2      | Found a faded altar of an unknown god.
  1091 | D:2      | Became a worshipper of Ashenzari the Shackled
  1091 | D:2      | Reached * piety under Ashenzari
  1136 | D:2      | Reached XP level 4. HP: 41/41 MP: 5/5
  1154 | D:2      | Noticed Robin
  1182 | D:2      | Killed Robin
  1192 | D:2      | Reached skill level 1 in Conjurations
  1192 | D:2      | Reached skill level 1 in Hexes
  1192 | D:2      | Reached skill level 1 in Charms
  1192 | D:2      | Reached skill level 1 in Summonings
  1192 | D:2      | Reached skill level 1 in Necromancy
  1192 | D:2      | Reached skill level 1 in Translocations
  1192 | D:2      | Reached skill level 1 in Transmutations
  1192 | D:2      | Reached skill level 1 in Fire Magic
  1192 | D:2      | Reached skill level 1 in Ice Magic
  1192 | D:2      | Reached skill level 1 in Air Magic
  1192 | D:2      | Reached skill level 1 in Earth Magic
  1192 | D:2      | Reached skill level 1 in Poison Magic
  1271 | D:2      | Noticed Natasha
  1287 | D:2      | Killed Natasha
  1287 | D:2      | Reached XP level 5. HP: 40/47 MP: 5/7
  1291 | D:2      | Noticed Natasha
  1298 | D:2      | Killed Natasha
  1775 | D:3      | Found a deep blue altar of Sif Muna.
  1811 | D:3      | Found an opulent altar of Gozag.
  1910 | D:3      | Found an ornate altar of the Wu Jian Council.
  2374 | D:3      | Reached XP level 6. HP: 52/53 MP: 8/8
  2455 | D:3      | Got the mace of Meblec {speed, Str+3 Int+3}
  2456 | D:3      | Identified the +2 mace of Meblec {speed, Str+3 Int+3} (You
                  | found it on level 3 of the Dungeon)
  2689 | D:4      | Reached ** piety under Ashenzari
  2756 | D:4      | Reached skill level 5 in Polearms
  3009 | D:4      | Found an iron altar of Okawaru.
  3217 | D:4      | Reached XP level 7. HP: 59/59 MP: 10/10
  3380 | D:4      | Found an ancient bone altar of Kikubaaqudgha.
  3425 | D:5      | Entered Level 5 of the Dungeon
  3558 | D:5      | Noticed Prince Ribbit
  3945 | D:5      | Noticed Pikel
  3973 | D:5      | Killed Pikel
  3973 | D:5      | Reached XP level 8. HP: 20/67 MP: 10/12
  5339 | D:6      | Found a staircase to the Ecumenical Temple.
  5470 | D:6      | Reached XP level 9. HP: 72/72 MP: 14/14
  6025 | D:7      | Got the trident of Ollo {distort, rPois Str+4 Int+4}
  6026 | D:7      | Identified the +2 trident of Ollo {distort, rPois Str+4
                  | Int+4} (You found it on level 7 of the Dungeon)
  6098 | D:7      | Found Rikk's Magic Scroll Emporium.
  6106 | D:7      | Bought a scroll of remove curse for 30 gold pieces
  6304 | D:7      | Reached *** piety under Ashenzari
  6625 | D:8      | Noticed an eight-headed hydra
  6642 | D:7      | Banished an eight-headed hydra
  6642 | D:7      | Reached skill level 5 in Invocations
  6805 | D:8      | Reached XP level 10. HP: 78/80 MP: 15/17
  6975 | D:8      | Reached skill level 5 in Short Blades
  6975 | D:8      | Reached skill level 5 in Long Blades
  6975 | D:8      | Reached skill level 5 in Axes
  6975 | D:8      | Reached skill level 5 in Maces & Flails
  6975 | D:8      | Reached skill level 5 in Staves
  6975 | D:8      | Reached skill level 5 in Slings
  6975 | D:8      | Reached skill level 5 in Bows
  6975 | D:8      | Reached skill level 5 in Crossbows
  6975 | D:8      | Reached skill level 5 in Throwing
  6975 | D:8      | Reached skill level 5 in Dodging
  6975 | D:8      | Reached skill level 5 in Stealth
  6975 | D:8      | Reached skill level 5 in Unarmed Combat
  6975 | D:8      | Reached skill level 5 in Spellcasting
  6975 | D:8      | Reached skill level 5 in Evocations
  7047 | D:8      | Found a snail-covered altar of Cheibriados.
  7199 | D:8      | Found a burning altar of Makhleb.
  7576 | D:9      | Found a snail-covered altar of Cheibriados.
  7710 | D:9      | Noticed a two-headed ogre
  8025 | D:9      | Banished a two-headed ogre
  8583 | D:9      | Found a hazy altar of Hepliaklqana.
  9015 | D:9      | Reached XP level 11. HP: 80/87 MP: 19/19
  9117 | D:9      | Found a bloodstained altar of Trog.
  9117 | D:9      | Found a blossoming altar of Fedhas.
  9117 | D:9      | Found a hide-covered altar of Uskayaw.
  9117 | D:9      | Found a glowing silver altar of Zin.
  9224 | D:9      | Found a stormy altar of Qazlal.
  9639 | D:10     | Entered Level 10 of the Dungeon
  9656 | D:10     | Found a staircase to the Orcish Mines.
  9670 | D:10     | Noticed an unseen horror
  9683 | D:10     | Killed an unseen horror
  9853 | D:10     | Noticed Nergalle
  9900 | D:10     | Noticed Fannar
  9916 | D:10     | Banished Fannar
  9916 | D:10     | Reached skill level 5 in Conjurations
  9916 | D:10     | Reached skill level 5 in Hexes
  9916 | D:10     | Reached skill level 5 in Charms
  9916 | D:10     | Reached skill level 5 in Summonings
  9916 | D:10     | Reached skill level 5 in Necromancy
  9916 | D:10     | Reached skill level 5 in Translocations
  9916 | D:10     | Reached skill level 5 in Transmutations
  9916 | D:10     | Reached skill level 5 in Fire Magic
  9916 | D:10     | Reached skill level 5 in Ice Magic
  9916 | D:10     | Reached skill level 5 in Air Magic
  9916 | D:10     | Reached skill level 5 in Earth Magic
  9916 | D:10     | Reached skill level 5 in Poison Magic
 10271 | D:10     | Noticed Harold
 10301 | D:10     | Killed Harold
 10772 | D:10     | Banished Nergalle
 11139 | D:10     | Reached **** piety under Ashenzari
 11552 | D:11     | Noticed a deep elf mage
 11572 | D:11     | Noticed a soul eater
 11579 | D:11     | HP: 1/89 [demonic crawler[a deep elf mage] (8)]
 12102 | D:11     | Noticed a sun demon
 12554 | D:11     | Gained mutation: You are partially covered in thin metallic
                  | scales. (AC +2) [potion of mutation]
 12554 | D:11     | Gained mutation: Your magical capacity is low. (-10% MP)
                  | [potion of mutation]
 12554 | D:11     | Gained mutation: You are partially covered in rugged brown
                  | scales. (AC +1, +3% HP) [potion of mutation]
 12554 | D:11     | Gained mutation: You are covered in fur. (AC +1) [potion of
                  | mutation]
 12999 | D:11     | Found a staircase to the Lair.
 13178 | D:11     | Noticed an unseen horror
 13183 | D:11     | Noticed a brown ugly thing
 13184 | D:11     | Noticed a red ugly thing
 13219 | D:11     | Noticed a two-headed ogre
 13259 | D:11     | Banished a deep elf mage
 13463 | D:11     | Noticed a brown ugly thing
 13469 | D:11     | Banished a brown ugly thing
 13650 | D:11     | Killed a brown ugly thing
 13650 | D:11     | Reached XP level 12. HP: 98/98 MP: 19/19
 14079 | D:11     | Killed a two-headed ogre
 14375 | D:12     | Noticed a death knight
 14824 | D:12     | Noticed Urug
 15024 | Orc:1    | Entered Level 1 of the Orcish Mines
 15126 | Orc:1    | Noticed an orc high priest
 15133 | Orc:2    | Entered Level 2 of the Orcish Mines
 15157 | Orc:1    | Found a dark tunnel.
 15182 | Volcano  | Entered a volcano
 15216 | Volcano  | Noticed a red draconian
 15428 | Volcano  | Banished a red draconian
 15899 | Orc:2    | Noticed an orc warlord
 15926 | Orc:1    | Reached skill level 10 in Fighting
 15926 | Orc:1    | Reached skill level 10 in Armour
 15926 | Orc:1    | Reached skill level 10 in Shields
 15966 | Orc:1    | Paralysed by an orc sorcerer for 4 turns
 16463 | Orc:1    | Killed an orc high priest
 17098 | Orc:2    | Reached XP level 13. HP: 103/106 MP: 22/22
 17263 | Orc:2    | Found a staircase to the Elven Halls.
 17420 | Orc:2    | Found Jojostas's Antique Weapon Emporium.
 17466 | Orc:2    | Noticed an orc warlord
 17589 | Orc:2    | Found Qurreb's General Store.
 17607 | Orc:2    | Bought a scroll of enchant armour for 97 gold pieces
 17607 | Orc:2    | Bought a scroll of remove curse for 39 gold pieces
 17858 | Orc:2    | Paralysed by an orc sorcerer for 4 turns
 18143 | Orc:1    | Banished an orc warlord
 18539 | Orc:2    | Found Waitowal's Jewellery Emporium.
 18829 | Orc:1    | Killed an orc warlord
 19191 | Orc:2    | Found Zuqeud's Antique Armour Emporium.
 19204 | Orc:2    | Bought a scorched scale mail for 297 gold pieces
 19204 | Orc:2    | Identified the +1 scale mail of the Solstice {Int+4} (You
                  | bought it in a shop on level 2 of the Orcish Mines)
 19220 | Orc:2    | Bought the cursed ring of Wexealac {rElec rN+ Int-5 Dex+2
                  | SInv} for 323 gold pieces
 19232 | Orc:2    | Bought an uncursed amulet of regeneration for 420 gold
                  | pieces
 19237 | Orc:2    | Learned a level 2 spell: Searing Ray
 19694 | Lair:1   | Entered Level 1 of the Lair of Beasts
 19979 | Lair:1   | Reached ***** piety under Ashenzari
 21624 | Lair:3   | Found a staircase to the Shoals.
 21730 | Lair:3   | Found a hole to the Spider Nest.
 21829 | Lair:3   | Reached XP level 14. HP: 112/114 MP: 23/23
 22549 | Lair:4   | Found a gate leading to a gauntlet.
 22559 | Gauntlet | Entered a Gauntlet
 22559 | Gauntlet | Found a transporter.
 22569 | Gauntlet | Found a transporter.
 22571 | Gauntlet | Identified the amulet "Bykeadipp" {Acrobat +Blink MR-
                  | Str+4}
 22591 | Gauntlet | Found a transporter.
 22595 | Gauntlet | Found a transporter.
 22603 | Gauntlet | Found a transporter.
 22603 | Gauntlet | Found a transporter.
 22604 | Gauntlet | Noticed an entropy weaver
 22608 | Gauntlet | Found a transporter.
 22609 | Gauntlet | Found a transporter.
 22619 | Gauntlet | Identified the ring of Symmetry {+Blink rPois rN+ Str-2
                  | Dex+3}
 22650 | Gauntlet | Identified the cursed +0 pair of boots "Gug Wisa" {rElec
                  | Int-5 Dex+3}
 22660 | Gauntlet | Identified the ring "Hofamar" {rC+ MR+ Dex-2 SInv Stlth+}
 22671 | Gauntlet | Identified the ring "Wakhloxo" {rPois Int+3}
 22675 | Gauntlet | Found a transporter.
 22675 | Gauntlet | Found a transporter.
 22680 | Gauntlet | Found a transporter.
 22696 | Gauntlet | Found a transporter.
 23063 | Gauntlet | Reached skill level 10 in Polearms
 23099 | Gauntlet | Identified the +3 scale mail of the Yeti {rCorr}
 23330 | Gauntlet | Identified the ring "Bon Geps" {rF+ Str+4 Stlth-}
 23330 | Gauntlet | Identified the amulet "Qikhlif" {RegenMP rC+}
 24505 | Lair:5   | Learned a level 3 spell: Vampiric Draining
 24511 | Lair:5   | Learned a level 5 spell: Summon Demon
 24515 | Lair:5   | Learned a level 3 spell: Regeneration
 24659 | Lair:5   | Noticed Nessos
 24693 | Lair:5   | Killed Nessos
 25008 | Lair:5   | Reached skill level 10 in Invocations
 25440 | Lair:5   | Reached ****** piety under Ashenzari
 25585 | Lair:5   | Found a viscous altar of Jiyva.
 25585 | Lair:5   | Found a staircase to the Slime Pits.
 25633 | Lair:6   | Entered Level 6 of the Lair of Beasts
 26071 | Lair:6   | Found a runed translucent door.
 26074 | Lair:6   | Noticed OwlQaeda's ghost (journeyman DsAK)
 26547 | Lair:6   | Reached XP level 15. HP: 117/122 MP: 25/25
 26785 | Lair:6   | Banished OwlQaeda's ghost
 27174 | Lair:6   | Got the spear of Midsummer {pierce, *Corrode +Rage Stlth+}
 27175 | Lair:6   | Identified the +5 spear of Midsummer {pierce, *Corrode
                  | +Rage Stlth+} (You found it on level 6 of the Lair of
                  | Beasts)
 27175 | Lair:6   | Cast into level 2 of the Abyss (a distortion unwield)
 27251 | Lair:6   | Escaped the Abyss
 27326 | Lair:6   | Learned a level 2 spell: Blink
 27331 | Lair:6   | Learned a level 4 spell: Passage of Golubria
 27665 | D:12     | Found Pimuw's Gadget Shoppe.
 27820 | D:12     | Noticed Jorgrun
 27934 | D:12     | Killed Jorgrun
 28324 | D:12     | Reached skill level 10 in Short Blades
 28324 | D:12     | Reached skill level 10 in Long Blades
 28324 | D:12     | Reached skill level 10 in Axes
 28324 | D:12     | Reached skill level 10 in Maces & Flails
 28324 | D:12     | Reached skill level 10 in Staves
 28324 | D:12     | Reached skill level 10 in Slings
 28324 | D:12     | Reached skill level 10 in Bows
 28324 | D:12     | Reached skill level 10 in Crossbows
 28324 | D:12     | Reached skill level 10 in Throwing
 28324 | D:12     | Reached skill level 10 in Dodging
 28324 | D:12     | Reached skill level 10 in Stealth
 28324 | D:12     | Reached skill level 10 in Unarmed Combat
 28324 | D:12     | Reached skill level 10 in Spellcasting
 28324 | D:12     | Reached skill level 10 in Evocations
 28809 | D:13     | Found a flagged portal.
 28825 | Bailey   | Entered a bailey
 30504 | D:14     | Found a gate to the Vaults.
 31022 | D:14     | Reached XP level 16. HP: 130/130 MP: 27/27
 31283 | D:15     | Entered Level 15 of the Dungeon
 31283 | D:15     | Found a glowing golden altar of the Shining One.
 31503 | D:15     | Found a staircase to the Depths.
 32469 | Shoals:1 | Entered Level 1 of the Shoals
 32484 | Shoals:1 | Learned a level 5 spell: Borgnjor's Vile Clutch
 32824 | Shoals:1 | Reached XP level 17. HP: 138/138 MP: 28/28
 32915 | Shoals:1 | Found Mienum's Antique Armour Shop.
 32978 | Shoals:1 | Bought a glowing cloak for 277 gold pieces
 33042 | Shoals:1 | Noticed Nikola
 33101 | Shoals:1 | Killed Nikola
 33606 | Shoals:1 | Learned a level 1 spell: Magic Dart
 33666 | Shoals:1 | Noticed a kraken
 33682 | Shoals:1 | Banished a kraken
 35110 | Shoals:3 | Noticed Ilsuiw
 35289 | Shoals:3 | Found a frozen archway.
 35292 | Shoals:4 | Entered Level 4 of the Shoals
 35587 | Shoals:4 | Noticed Louise
 35656 | Shoals:3 | Killed from afar by Ilsuiw

Skill      XL: |  1  2  3  4  5  6  7  8  9 10 11 12 13 14 15 16 17 |
---------------+----------------------------------------------------+-----
Short Blades   | 1 2 3 4 5 6 7 8 9 10 11 | 11.1
Long Blades    | 1 2 3 4 5 6 7 8 9 10 11 | 11.1
Axes           | 1 2 3 4 5 6 7 8 9 10 11 | 11.1
Maces & Flails | 1 2 3 4 5 6 7 8 9 10 11 | 11.1
Staves         | 1 2 3 4 5 6 7 8 9 10 11 | 11.1
Slings         | 1 2 3 4 5 6 7 8 9 10 11 | 11.1
Bows           | 1 2 3 4 5 6 7 8 9 10 11 | 11.1
Crossbows      | 1 2 3 4 5 6 7 8 9 10 11 | 11.1
Throwing       | 1 2 3 4 5 6 7 8 9 10 11 | 11.1
Dodging        | 1 2 3 4 5 6 7 8 9 10 11 | 11.1
Stealth        | 1 2 3 4 5 6 7 8 9 10 11 | 11.1
Unarmed Combat | 1 2 3 4 5 6 7 8 9 10 11 | 11.1
Spellcasting   | 1 2 3 4 5 6 7 8 9 10 11 | 11.1
Invocations    | 1 2 3 4 5 6 7 8 9 10 11 12 | 12.0
Evocations     | 1 2 3 4 5 6 7 8 9 10 11 | 11.1
Conjurations   | 1 2 3 4 5 6 7 8 9 |  9.5
Hexes          | 1 2 3 4 5 6 7 8 9 |  9.5
Charms         | 1 2 3 4 5 6 7 8 9 |  9.5
Summonings     | 1 2 3 4 5 6 7 8 9 |  9.5
Necromancy     | 1 2 3 4 5 6 7 8 9 |  9.5
Translocations | 1 2 3 4 5 6 7 8 9 |  9.5
Transmutations | 1 2 3 4 5 6 7 8 9 |  9.5
Fire Magic     | 1 2 3 4 5 6 7 8 9 |  9.5
Ice Magic      | 1 2 3 4 5 6 7 8 9 |  9.5
Air Magic      | 1 2 3 4 5 6 7 8 9 |  9.5
Earth Magic    | 1 2 3 4 5 6 7 8 9 |  9.5
Poison Magic   | 1 2 3 4 5 6 7 8 9 |  9.5
Polearms       | 5 6 7 8 9 10 11 | 11.9
Fighting       | 7 8 9 10 11 12 | 12.6
Armour         | 7 8 9 10 11 12 | 12.6
Shields        | 7 8 9 10 11 12 | 12.6

Action                   |  1- 3 |  4- 6 |  7- 9 | 10-12 | 13-15 | 16-18 || total
-------------------------+-------+-------+-------+-------+-------+-------++-------
Melee: Trident           |    67 |   170 |    93 |  1093 |  1813 |   692 ||  3928
       Bite              |     4 |    23 |    64 |   118 |   286 |    81 ||   576
       Mace              |       |    58 |   293 |       |       |       ||   351
       Spear             |       |       |       |       |    46 |       ||    46
 Cast: Vampiric Draining |       |       |       |       |    26 |    13 ||    39
       Regeneration      |       |       |       |       |     3 |       ||     3
       Magic Dart        |       |       |       |       |       |    13 ||    13
       Summon Demon      |       |       |       |       |       |     3 ||     3
       Searing Ray       |       |       |       |       |       |     3 ||     3
Invok: Curse Item        |       |       |     4 |       |     3 |     2 ||     9
Evoke: Box of beasts     |       |       |       |       |       |     1 ||     1
       Phial of floods   |       |       |       |       |       |     1 ||     1
       Sack of spiders   |       |       |       |       |       |     1 ||     1
  Use: Scroll            |       |       |     4 |    13 |    19 |     7 ||    43
       Potion            |       |       |       |     5 |       |     2 ||     7
 Stab: Distracted        |       |     1 |       |     1 |    12 |     3 ||    17
       Sleeping          |       |       |       |     6 |    28 |    17 ||    51
       Petrified         |       |       |       |       |     2 |       ||     2
  Eat: Chunk             |     1 |     7 |     8 |    15 |    21 |    11 ||    63
       Ration            |       |       |     1 |     6 |     8 |     2 ||    17
Armor: Scale mail        |     5 |       |       |       |       |       ||     5
       Fire dragon scale |     9 |    78 |   137 |   243 |   387 |   150 ||  1004
Dodge: Dodged            |    14 |    51 |   121 |   672 |   841 |   266 ||  1965
Block: Shield            |    23 |   104 |   200 |   767 |   974 |   327 ||  2395
